 Dungeon Crawl Stone Soup version 0.30.1-6-gbe392663c4 (webtiles) character file.

Game seed: 14088539893264073399

4 Ivernyr the Slasher (level 1, 0/11 HPs)
             Began as a Vine Stalker Gladiator on Sept 21, 2023.
             Slain by a kobold
             ... wielding a +0 short sword
              (3 damage)
             ... on level 1 of the Dungeon.
             The game lasted 00:00:29 (60 turns).

Ivernyr the Slasher (Vine Stalker Gladiator)          Turns: 60, Time: 00:00:30

Health: 0/11       AC:  4    Str: 16    XL:     1   Next: 70%
Magic:  0/2        EV: 12    Int:  8    God:
Gold:   0          SH:  0    Dex: 15    Spells: 0/0 levels left

rFire   . . .        a - +0 long sword
rCold   . . .        (no shield)
rNeg    . . .        b - +0 leather armour
rPois   .            c - +0 helmet
rElec   .            (no cloak)
rCorr   .            (no gloves)
SInv    .            (no boots)
Will    .....        (no amulet)
Stlth   +            (no ring)
HPRegen 0.21/turn    (no ring)
MPRegen 0.08/turn

%: guardian spirit
@: no status effects
A: fangs 2, magic shield, antimagic bite, no potion heal 2
a: no special abilities


You were on level 1 of the Dungeon.
You visited 1 branch of the dungeon, and saw 1 of its levels.

Inventory:

Hand Weapons
 a - a +0 long sword (weapon)
Missiles
 d - 3 throwing nets (quivered)
 e - a javelin
Armour
 b - a +0 leather armour (worn)
 c - a +0 helmet (worn)


   Skills:
 + Level 1.8 Fighting
 * Level 2.8 Long Blades
 - Level 1.7 Throwing
 + Level 0.2 Armour
 + Level 2.4 Dodging


You couldn't memorise any spells.
You didn't know any spells.
Your spell library was empty.

Dungeon Overview and Level Annotations

Branches:
Dungeon (1/15)

Altars:


Innate Abilities, Weirdness & Mutations

You have extremely sharp teeth.
When hurt, damage is shared between your health and your magic reserves.
Your bite disrupts and absorbs the magic of your enemies.
Potions cannot restore your health.


Message History

A kobold comes into view. It is wielding a +0 short sword.
Found a white potion.
A kobold is nearby!
A quokka comes into view.
Found a scroll labelled HOUSOSS KAITIE.
The kobold shouts!
Found a scroll labelled HOUSOSS KAITIE.
The kobold hits you but does no damage.
You closely miss the kobold. Your bite misses the kobold.
The quokka closely misses you. The kobold hits you but does no damage.
You barely miss the kobold. Your bite misses the kobold. The quokka misses you.
The kobold hits you but does no damage. The quokka barely misses you.
You closely miss the quokka. Your bite misses the quokka.
The kobold hits you but does no damage.
The quokka bites you but does no damage.
You miss the quokka. Your bite misses the quokka. The kobold barely misses you.
The quokka misses you. The quokka closely misses you.
The kobold hits you but does no damage.
You completely miss the quokka.
The quokka bites you but does no damage.
The kobold hits you but does no damage.
You hit the quokka. Your bite misses the quokka.
The quokka is severely wounded.
The quokka bites you.
The kobold hits you with a +0 short sword.
The quokka bites you but does no damage.
Found a club.
The kobold barely misses you. The quokka attacks as you move away!
The quokka completely misses you.
You hit the kobold.
The kobold is moderately wounded.
The quokka bites you.
* * * LOW HITPOINT WARNING * * *
The kobold barely misses you. The quokka misses you.
The kobold attacks as you move away! The kobold misses you.
You closely miss the kobold.
The kobold is moderately wounded.
The kobold barely misses you.
The quokka bites you but does no damage.
The kobold hits you with a +0 short sword.
You die...

#.#..............
#...?............
##..........?.....
..................
###.........!.....#
#).................
####.#..r..........!..
.......@K............
# #####.######.#...#.#
.. # #.........##...
#..............
#.........#....
#..........#
###########
#.?....##..#.#
#....<....#
#.###..###.#.#
#.........# #.#
#..##....#...


You could see a quokka and a kobold.

Vanquished Creatures
  A goblin (D:1)
  A quokka (D:1)
  A ball python (D:1)
  A bat (D:1)
  A frilled lizard (D:1)
5 creatures vanquished.

Notes
Turn   | Place    | Note
-------+----------+-------------------------------------------
     0 | D:1      | Ivernyr the Vine Stalker Gladiator began the quest for the
                  | Orb.
     0 | D:1      | Reached XP level 1. HP: 11/11 MP: 2/2
    60 | D:1      | Slain by a kobold

Illustrated notes

Levels and vault maps discovered:
D:1:      shiori_arrival_oz, layout_rooms, shapermc_ecumenical_altar_petra,
          minivault_5

Action                     || total
---------------------------++-------
  Melee: Long sword        ||    19
         Bite              ||     3
 Armour: Leather armour    ||    13
  Dodge: Dodged            ||    22
